 Dungeon Sprint DCSS version 0.28.0-43-g3370ac3207 (webtiles) character file.

Game seed: 1725250138470161538

20372 boopmooplesden the Phalangite (level 12, -1/201 HPs)
             Began as a Minotaur Berserker on Mar 22, 2022.
             Was the Champion of Trog.
             Slain by the 25-headed Lernaean hydra (2 damage)
             ... in the Dungeon (Sprint III: "The Ten Rune Challenge").
             The game lasted 00:10:15 (2248 turns).

boopmooplesden the Phalangite (Minotaur Berserker)  Turns: 2248, Time: 00:10:16

Health: -1/201     AC: 13    Str: 22    XL:     12   Next: 44%
Magic:  11/11      EV: 19    Int:  4    God:    Trog [******]
Gold:   1927       SH:  4    Dex: 17    Spells: 11/11 levels left

rFire   . . .      SeeInvis .   t - +3 halberd (flame)
rCold   . . .      Faith    .   (shield currently unavailable)
rNeg    . . .      Spirit   .   A - +3 swamp dragon scales
rPois   +          Reflect  .   v - +0 hat {Will+}
rElec   .          Harm     .   (no cloak)
rCorr   .          Rampage  .   (no gloves)
Will    +....      NoTele   +   (no boots)
Stlth   ..........              (no amulet)
HPRegen 0.43/turn               (no ring)
MPRegen 0.12/turn               (no ring)

@: berserking, very quick
A: horns 2, retaliatory headbutt, talons 1, large bone plates 1, thin skeletal
structure 1
a: Renounce Religion, Berserk, Trog's Hand, Brothers in Arms


You were in the Dungeon.
You worshipped Trog.
Trog was exalted by your worship.
You visited 1 branch You collected 2722 gold pieces.
You spent 795 gold pieces at shops.

Inventory:

Hand Weapons
 a - a +0 spear
 e - a +3 vorpal bardiche
 o - a +1 glaive
 s - a +2 antimagic demon trident
 t - a +3 halberd of flaming (weapon)
 u - a +4 vorpal bardiche
 y - a +6 vorpal glaive
 z - a +10 halberd
Armour
 b - a +0 animal skin
 q - a +3 troll leather armour {Snorg}
 v - a +0 hat of willpower (worn)
 A - +3 swamp dragon scales (worn)
Scrolls
 h - a scroll of blinking
 i - a scroll of vulnerability {unknown}
 k - a scroll of holy word {unknown}
 l - 2 scrolls of identify {unknown}
 n - a scroll of immolation {unknown}
Potions
 c - 3 potions of curing
 d - a potion of heal wounds
 f - 2 potions of magic
 g - 2 potions of berserk rage
 j - a potion of mutation
 m - a potion of flight {unknown}
 w - a potion of attraction {unknown}
 x - a potion of haste
Miscellaneous
 p - a box of beasts
 r - a tin of tremorstones (2/2)


   Skills:
 + Level 20.7 Fighting
 + Level 24.8 Polearms
 + Level 9.5 Armour
 + Level 13.7 Dodging
 + Level 6.2 Stealth
 + Level 7.6 Shields
 + Level 3.2 Evocations


You had 11 spell levels left.
You didn't know any spells.
Your spell library was empty.

Dungeon Overview and Level Annotations

Branches:
Dungeon (1/1)

Altars:
Cheibriados
Dithmenos
Elyvilon
Fedhas
Gozag
Hepliaklqana
Kikubaaqudgha
Makhleb
Nemelex Xobeh
Okawaru
Qazlal
Ru
Sif Muna
Trog
Uskayaw
Vehumet
Wu Jian
Xom
Yredelemnul
Zin
The Shining One
Beogh
Jiyva
Lugonu

Shops:
D ?:(*

Annotations:
D Lernaean hydra


Innate Abilities, Weirdness & Mutations

You have a pair of horns on your head.
You reflexively headbutt those who attack you in melee.
You have sharp toenails.
You are partially covered in large bone plates. (SH +4)
You have a somewhat thin skeletal structure. (Dex +2, Stealth+)


Message History

The eight-headed hydra bites you!
* * * LOW HITPOINT WARNING * * *
The eight-headed hydra closely misses you.
The eight-headed hydra bites you!
* * * LOW HITPOINT WARNING * * *
The eight-headed hydra bites you but does no damage.
You slice one of the 27-headed Lernaean hydra's heads off!
The flame cauterises the wound!
You slice the 26-headed Lernaean hydra!!
You burn the 26-headed Lernaean hydra! You claw the 26-headed Lernaean hydra!
Your headbutt misses the 26-headed Lernaean hydra.
The 26-headed Lernaean hydra is heavily wounded.
You slice one of the 26-headed Lernaean hydra's heads off!
The flame cauterises the wound!
You slice the 25-headed Lernaean hydra!!
You burn the 25-headed Lernaean hydra!
Your kick misses the 25-headed Lernaean hydra.
You headbutt the 25-headed Lernaean hydra!
The 25-headed Lernaean hydra is severely wounded.
The 25-headed Lernaean hydra bites you!
* * * LOW HITPOINT WARNING * * *
The 25-headed Lernaean hydra closely misses you.
The 25-headed Lernaean hydra bites you!
* * * LOW HITPOINT WARNING * * *
The 25-headed Lernaean hydra closely misses you.
The 25-headed Lernaean hydra bites you but does no damage.
The 25-headed Lernaean hydra bites you.
* * * LOW HITPOINT WARNING * * *
The 25-headed Lernaean hydra bites you.
* * * LOW HITPOINT WARNING * * *
The 25-headed Lernaean hydra bites you but does no damage.
The 25-headed Lernaean hydra bites you.
* * * LOW HITPOINT WARNING * * *
The 25-headed Lernaean hydra bites you.
* * * LOW HITPOINT WARNING * * *
The 25-headed Lernaean hydra completely misses you.
The 25-headed Lernaean hydra bites you but does no damage. x2
The 25-headed Lernaean hydra closely misses you.
The 25-headed Lernaean hydra bites you.
You die...

≈≈...PP....P♣
########'####
#†♣♣ #♣.♣
♣.♣♣ ######
♣♣.♣ #...φ#
♣.♣♣ #....#
♣.♣♣ #≈DD.#
♣..♣♣#..@#
♣♣.♣♣.####♣♣
♣♣.♣♣.≈.≈.♣
♣♣..♣♣♣♣♣♣≈♣
♣.P..§≈§§≈.♣
♣P≈..§§§≈.≈♣
♣.♣≈.§≈§§.≈♣
♣♣♣♣♣♣♣♣§§∩♣
♣♣♣♣♣


You could see the 25-headed Lernaean hydra and an eight-headed hydra.

Vanquished Creatures
  Rupert (D)
  Harold (D)
  Gastronok (D)
  2 dire elephants (D)
  Snorg (D)
  A centaur warrior (D)
  4 death yaks (D)
  A deep elf knight (D)
  A swamp dragon (D)
  Joseph (D)
  A deep elf zephyrmancer (D)
  4 deep elf pyromancers (D)
  An orc sorcerer (D)
  2 elephants (D)
  2 black mambas (D)
  An unseen horror (D)
  2 cane toads (D)
  A rime drake (D)
  A komodo dragon (D)
  8 blink frogs (D)
  3 wandering mushrooms (D)
  A shadow (D)
  A spatial vortex (D)
  3 orc warriors (D)
  3 swamp drakes (D)
  A centaur (D)
  A necrophage (D)
  An earth elemental (D)
  A scorpion (D)
  A water elemental (D)
  30 killer bees (D)
  A jelly (D)
  An orc priest (D)
  A wizard (D)
  4 orc wizards (D)
  A necromancer (D)
  3 humans (D)
  A kobold demonologist (D)
  6 orcs (D)
  An endoplasm (D)
  3 rats (D)
105 creatures vanquished.

Vanquished Creatures (collateral kills)
  A queen bee (D)
  A centaur (D)
  2 killer bees (D)
  2 orcs (D)
6 creatures vanquished.

Vanquished Creatures (others)
  An orc (D)
  5 plants (D)
6 creatures vanquished.

Grand Total: 117 creatures vanquished

Notes
Turn   | Place    | Note
-------+----------+-------------------------------------------
     0 | D        | boopmooplesden the Minotaur Berserker began the quest for
                  | the Orb.
     0 | D        | Reached XP level 1. HP: 19/19 MP: 0/0
    14 | D        | Reached skill level 4 in Polearms
    29 | D        | Reached ** piety under Trog
   102 | D        | Noticed a scorpion
   108 | D        | Killed a scorpion
   109 | D        | Reached skill level 6 in Polearms
   109 | D        | Reached skill level 1 in Stealth
   109 | D        | Reached XP level 2. HP: 31/31 MP: 1/1
   109 | D        | Reached XP level 3. HP: 38/38 MP: 2/2
   122 | D        | Reached skill level 7 in Polearms
   122 | D        | Reached XP level 4. HP: 16/45 MP: 3/3
   138 | D        | Gained mutation: You are resistant to electric shocks.
                  | (rElec) [potion of mutation]
   138 | D        | Gained mutation: You are frail. (-10% HP) [potion of
                  | mutation]
   138 | D        | Gained mutation: Armour fits poorly on your strangely
                  | shaped body. [potion of mutation]
   138 | D        | Gained mutation: You have a somewhat thin skeletal
                  | structure. (Dex +2, Stealth+) [potion of mutation]
   139 | D        | Lost mutation: You are frail. (-10% HP) [potion of
                  | mutation]
   139 | D        | Lost mutation: Armour fits poorly on your strangely shaped
                  | body. [potion of mutation]
   139 | D        | Gained mutation: You are partially covered in large bone
                  | plates. (SH +4) [potion of mutation]
   139 | D        | Lost mutation: You are resistant to electric shocks.
                  | (rElec) [potion of mutation]
   139 | D        | Gained mutation: You have sharp toenails. [potion of
                  | mutation]
   338 | D        | Noticed a water elemental
   344 | D        | Killed a water elemental
   344 | D        | Reached *** piety under Trog
   345 | D        | Reached skill level 8 in Polearms
   345 | D        | Reached XP level 5. HP: 53/53 MP: 4/4
   398 | D        | Found a basalt altar of Yredelemnul.
   398 | D        | Found a shadowy altar of Dithmenos.
   398 | D        | Found a sacrificial altar of Ru.
   398 | D        | Noticed a necrophage
   405 | D        | Killed a necrophage
   406 | D        | Reached skill level 10 in Polearms
   406 | D        | Reached skill level 5 in Armour
   406 | D        | Reached skill level 5 in Dodging
   461 | D        | Found a hide-covered altar of Uskayaw.
   461 | D        | Found an iron altar of Okawaru.
   461 | D        | Found a bloodstained altar of Trog.
   461 | D        | Found an ornate altar of the Wu Jian Council.
   461 | D        | Noticed a human
   463 | D        | Noticed a human
   468 | D        | Killed a human
   469 | D        | Reached skill level 10 in Fighting
   469 | D        | Reached skill level 11 in Polearms
   469 | D        | Reached XP level 6. HP: 66/66 MP: 5/5
   472 | D        | Killed a human
   472 | D        | Reached **** piety under Trog
   473 | D        | Reached skill level 12 in Polearms
   580 | D        | Found a glowing silver altar of Zin.
   581 | D        | Found a glowing golden altar of the Shining One.
   581 | D        | Found a white marble altar of Elyvilon.
   581 | D        | Noticed a deep elf pyromancer
   585 | D        | Noticed a fire elemental
   585 | D        | Noticed a fire elemental
   585 | D        | Killed a deep elf pyromancer
   586 | D        | Reached skill level 13 in Polearms
   586 | D        | Reached XP level 7. HP: 78/78 MP: 6/6
   684 | D        | Found a radiant altar of Vehumet.
   684 | D        | Found a shimmering blue altar of Sif Muna.
   684 | D        | Found an ancient bone altar of Kikubaaqudgha.
   690 | D        | Reached ***** piety under Trog
   748 | D        | Noticed a shadow
   755 | D        | Killed a shadow
   756 | D        | Reached skill level 14 in Polearms
   756 | D        | Reached XP level 8. HP: 85/85 MP: 7/7
   758 | D        | Received a gift from Trog
   764 | D        | Found a blossoming altar of Fedhas.
   764 | D        | Found a stormy altar of Qazlal.
   764 | D        | Found a snail-covered altar of Cheibriados.
   764 | D        | Found a burning altar of Makhleb.
   764 | D        | Found a shimmering altar of Xom.
   765 | D        | Found a hazy altar of Hepliaklqana.
   765 | D        | Found an opulent altar of Gozag.
   765 | D        | Found a sparkling altar of Nemelex Xobeh.
   765 | D        | Found a corrupted altar of Lugonu.
   765 | D        | Found a viscous altar of Jiyva.
   837 | D        | Noticed Snorg
   846 | D        | Killed Snorg
   847 | D        | Reached skill level 15 in Polearms
  1115 | D        | Reached XP level 9. HP: 95/95 MP: 8/8
  1119 | D        | Noticed a centaur warrior
  1128 | D        | Reached skill level 16 in Polearms
  1131 | D        | Killed a centaur warrior
  1132 | D        | Reached skill level 17 in Polearms
  1134 | D        | Reached skill level 15 in Fighting
  1151 | D        | Killed an unseen horror
  1195 | D        | Received a gift from Trog
  1196 | D        | Reached skill level 1 in Shields
  1202 | D        | Noticed an orc sorcerer
  1209 | D        | Noticed an orange demon
  1211 | D        | Paralysed by an orc sorcerer for 4 turns
  1219 | D        | Noticed a soul eater
  1227 | D        | Killed an orc sorcerer
  1232 | D        | Reached skill level 18 in Polearms
  1232 | D        | Reached skill level 1 in Evocations
  1234 | D        | Received a gift from Trog
  1410 | D        | Found Ymuis's General Store.
  1437 | D        | Bought a tin of tremorstones (2/2) for 480 gold pieces
  1441 | D        | Noticed a deep elf knight
  1441 | D        | Noticed a deep elf pyromancer
  1441 | D        | Noticed a deep elf zephyrmancer
  1441 | D        | Noticed a deep elf pyromancer
  1441 | D        | Noticed a deep elf pyromancer
  1448 | D        | Killed a deep elf pyromancer
  1448 | D        | Received a gift from Trog
  1449 | D        | Reached skill level 10 in Dodging
  1449 | D        | Reached XP level 10. HP: 106/107 MP: 9/9
  1449 | D        | Killed a deep elf zephyrmancer
  1451 | D        | Killed a deep elf knight
  1452 | D        | Reached skill level 19 in Polearms
  1452 | D        | Noticed a deep elf demonologist
  1453 | D        | Killed a deep elf pyromancer
  1456 | D        | Killed a deep elf pyromancer
  1456 | D        | Received a gift from Trog
  1496 | D        | Noticed a deep elf pyromancer
  1498 | D        | Noticed a deep elf death mage
  1503 | D        | Noticed a reaper
  1564 | D        | Reached ****** piety under Trog
  1564 | D        | Received a gift from Trog
  1590 | D        | Received a gift from Trog
  1591 | D        | Reached skill level 20 in Polearms
  1605 | D        | Received a gift from Trog
  1612 | D        | Reached XP level 11. HP: 116/118 MP: 10/10
  1627 | D        | Noticed Harold
  1627 | D        | Noticed Joseph
  1640 | D        | Killed Harold
  1641 | D        | Killed Joseph
  1696 | D        | Received a gift from Trog
  1697 | D        | Reached skill level 21 in Polearms
  1730 | D        | Reached skill level 5 in Shields
  1831 | D        | Received a gift from Trog
  1834 | D        | Reached skill level 22 in Polearms
  1837 | D        | Reached skill level 5 in Stealth
  1947 | D        | Noticed a dire elephant
  1947 | D        | Noticed a dire elephant
  1948 | D        | Noticed Gastronok
  1962 | D        | Killed a dire elephant
  1973 | D        | Killed a dire elephant
  1981 | D        | Killed Gastronok
  1982 | D        | Reached skill level 23 in Polearms
  2006 | D        | Noticed an azure jelly
  2006 | D        | Noticed an azure jelly
  2006 | D        | Noticed an azure jelly
  2007 | D        | Noticed an azure jelly
  2009 | D        | Noticed Rupert
  2017 | D        | Paralysed by Rupert for 2 turns
  2021 | D        | Killed Rupert
  2021 | D        | Received a gift from Trog
  2022 | D        | Reached XP level 12. HP: 93/132 MP: 11/11
  2058 | D        | Noticed a death yak
  2060 | D        | Noticed a death yak
  2065 | D        | Noticed a death yak
  2068 | D        | Killed a death yak
  2069 | D        | Noticed a death yak
  2071 | D        | Killed a death yak
  2072 | D        | Reached skill level 24 in Polearms
  2076 | D        | Killed a death yak
  2083 | D        | Killed a death yak
  2086 | D        | Received a gift from Trog
  2218 | D        | Found Wypp's Magic Scroll Shoppe.
  2218 | D        | Found Vaezaseu's Book Boutique.
  2218 | D        | Found Rafrybas's Antique Weapon Emporium.
  2224 | D        | Bought 3 scrolls of enchant armour for 315 gold pieces
  2238 | D        | Noticed an eight-headed hydra
  2238 | D        | Noticed the 27-headed Lernaean hydra
  2248 | D        | HP: 10/201 [the 25-headed Lernaean hydra (4)]
  2248 | D        | HP: 4/201 [the 25-headed Lernaean hydra (6)]
  2248 | D        | HP: 1/201 [the 25-headed Lernaean hydra (1)]
  2248 | D        | Slain by the 25-headed Lernaean hydra

Illustrated notes

Levels and vault maps discovered:
D:        dungeon_sprint_mu [sprint_mu_entry_cave, sprint_mu_temple_rooms,
          sprint_mu_d1_horrors, sprint_mu_d2_genie, sprint_mu_d3_branching,
          sprint_mu_orc_legion, sprint_mu_elf_gauntlet, sprint_mu_hive_nellie,
          sprint_mu_lair_fedhas, sprint_mu_vaults_butterflies,
          sprint_mu_slime_circle, sprint_mu_swamp_cave, sprint_mu_shoals_archi,
          sprint_mu_blade_basic, sprint_mu_crypt_lich, sprint_mu_tomb_spiral,
          sprint_mu_vestibule_basic, sprint_mu_gehenna_hellfire,
          sprint_mu_dis_giant, sprint_mu_tartarus_statrot,
          sprint_mu_cocytus_islands, sprint_mu_zot1]

Skill      XL: |  1  2  3  4  5  6  7  8  9 10 11 12 |
---------------+-------------------------------------+-----
Fighting       | 6 7 10 12 14 16 17 19 20 | 20.7
Polearms       | 6 7 8 11 13 14 15 18 20 23 24 | 24.8
Armour         | 4 5 7 8 9 |  9.5
Dodging        | 3 4 5 7 8 10 11 13 | 13.7
Stealth        | 1 2 4 5 6 |  6.2
Shields        | 1 3 6 7 |  7.6
Evocations     | 1 3 |  3.2

Action                   |  1- 3 |  4- 6 |  7- 9 | 10-12 || total
-------------------------+-------+-------+-------+-------++-------
Melee: Spear             |    25 |    22 |    12 |       ||    59
       Headbutt          |     2 |     4 |    18 |    23 ||    47
       Kick              |       |     6 |    18 |    41 ||    65
       Punch             |       |       |     1 |       ||     1
       Glaive            |       |       |    63 |       ||    63
       Bardiche          |       |       |       |   158 ||   158
       Halberd           |       |       |       |     3 ||     3
Invok: Berserk           |     1 |     4 |     3 |     8 ||    16
       Brothers in Arms  |       |       |     2 |       ||     2
Evoke: Tin of tremorston |       |       |     2 |     3 ||     5
       Box of beasts     |       |       |     2 |     1 ||     3
  Use: Potion            |       |     2 |     3 |       ||     5
       Scroll            |       |       |       |     3 ||     3
 Stab: Sleeping          |     1 |       |     1 |     4 ||     6
       Distracted        |       |       |       |     1 ||     1
Armor: Animal skin       |       |     1 |     1 |       ||     2
       Troll leather arm |       |       |    29 |    16 ||    45
       Swamp dragon scal |       |       |       |    25 ||    25
Dodge: Dodged            |     5 |     3 |    38 |   125 ||   171
Block: Other             |       |     1 |    10 |    24 ||    35
